 Dungeon Crawl Stone Soup version 0.28.0 (webtiles) character file.

Game seed: 17781222986218105199

6077 cbfl8 the Cruncher (level 10, 0/90 HPs)
             Began as a Minotaur Berserker on Feb 4, 2022.
             Was a Priest of Trog.
             Slain by an orc knight (15 damage)
             ... on level 1 of the Orcish Mines.
             The game lasted 00:23:16 (11124 turns).

cbfl8 the Cruncher (Minotaur Berserker)            Turns: 11124, Time: 00:23:17

Health: 0/90       AC: 22    Str: 25    XL:     10   Next: 57%
Magic:  9/9        EV: 10    Int:  6    God:    Trog [***...]
Gold:   557        SH:  0    Dex:  9    Spells: 9/9 levels left

rFire   . . .      SeeInvis .   u - +5 quarterstaff (flame)
rCold   + . .      Faith    .   (shield currently unavailable)
rNeg    . . .      Spirit   .   s - +2 chain mail
rPois   .          Reflect  .   (helmet restricted)
rElec   +          Harm     .   v - +1 cloak {rCorr}
rCorr   +          Rampage  .   r - +1 pair of gloves of Orthodoxy {rElec rC+}
Will    .....                   B - +2 pair of boots
Stlth   ..........              (no amulet)
HPRegen 0.25/turn               (no ring)
MPRegen 0.11/turn               (no ring)

@: on berserk cooldown, slowed, very slow
A: horns 2, retaliatory headbutt
a: Renounce Religion, Berserk, Trog's Hand


You were on level 1 of the Orcish Mines.
You worshipped Trog.
Trog was most pleased with you.
You visited 3 branches of the dungeon, and saw 11 of its levels.

You collected 557 gold pieces.

Inventory:

Hand Weapons
 a - a +0 hand axe
 q - a +2 whip of freezing
 u - a +5 quarterstaff of flaming (weapon)
 K - a +2 mace
 N - a +3 halberd
 O - a +4 falchion
 S - a +2 trident of venom
Missiles
 f - 304 stones (quivered)
 h - 5 atropa-tipped darts
 C - a throwing net
 F - 40 bolts
Armour
 b - a +0 animal skin
 i - a +0 pair of boots
 k - a +0 leather armour
 r - the +1 pair of gloves of Orthodoxy (worn) {rElec rC+}
   (You found it on level 7 of the Dungeon)

   rC:        It protects you from cold.
   rElec:     It insulates you from electricity.
 s - a +2 chain mail (worn)
 v - a +1 cloak of preservation (worn)
 A - a +0 pair of boots
 B - a +2 pair of boots (worn)
 R - an orb of light
Jewellery
 w - a ring of fire
Wands
 J - a wand of iceblast (26)
 Q - a wand of digging (4)
Scrolls
 c - 2 scrolls of vulnerability
 d - 5 scrolls of teleportation
 j - a scroll of summoning
 n - 3 scrolls of magic mapping
 o - a scroll of torment
 p - 2 scrolls of fog
 t - a scroll of brand weapon
 y - a scroll of silence {unknown}
 E - 2 scrolls of fear
 G - a scroll of amnesia
 P - a scroll of immolation {unknown}
 T - a scroll of enchant armour
Potions
 e - a potion of degeneration {unknown}
 g - 3 potions of curing
 l - 2 potions of haste {unknown}
 x - 2 potions of mutation
 z - a potion of berserk rage
 D - 2 potions of attraction {unknown}
 H - a potion of ambrosia {unknown}
 I - a potion of invisibility {unknown}
 L - 3 potions of resistance {unknown}
 M - a potion of lignification {unknown}


   Skills:
 + Level 8.6 Fighting
 + Level 6.5 Axes
 + Level 11.4 Staves
 + Level 10.8 Armour
 + Level 5.3 Dodging
 + Level 1.8 Stealth


You had 9 spell levels left.
You didn't know any spells.
Your spell library contained the following spells:

 Spells                   Type           Power      Damage    Failure   Level
 Animate Skeleton         Necr           0%         N/A       94%         1
 Apportation              Tloc           0%         N/A       94%         1
 Shock                    Conj/Air       0%         1d3       94%         1
 Summon Small Mammal      Summ           0%         N/A       94%         1
 Corpse Rot               Necr/Air       0%         N/A       98%         2
 Call Canine Familiar     Summ           0%         N/A       100%        3
 Confusing Touch          Hex            0%         N/A       100%        3
 Portal Projectile        Hex/Tloc       0%         N/A       100%        3
 Summon Guardian Golem    Hex/Summ       0%         N/A       100%        3
 Swiftness                Air            0%         N/A       100%        3
 Airstrike                Air            0%         N/A       100%        4
 Blade Hands              Tmut           0%         N/A       100%        5
 Excruciating Wounds      Necr           0%         N/A       100%        5
 Freezing Cloud           Conj/Ice/Air   0%         6-21      100%        5
 Lightning Bolt           Conj/Air       0%         1d11      100%        5
 Yara's Violent Unravell  Hex/Tmut       0%         3d3       100%        5
 Enfeeble                 Hex            0%         N/A       100%        7
 Spellforged Servitor     Conj/Summ      0%         N/A       100%        7


Dungeon Overview and Level Annotations

Branches:
Dungeon (9/15)             Temple (1/1) D:4            Lair (0/6) D:9
    Orc (1/2) D:9

Altars:
Ashenzari
Cheibriados
Dithmenos
Elyvilon
Fedhas
Gozag
Hepliaklqana
Kikubaaqudgha
Makhleb
Okawaru
Qazlal
Ru
Sif Muna
Trog
Vehumet
Wu Jian
Xom
Yredelemnul
Zin
The Shining One
Beogh


Innate Abilities, Weirdness & Mutations

You have a pair of horns on your head.
You reflexively headbutt those who attack you in melee.


Message History

The warg bites you but does no damage. The orc hits you but does no damage.
The orc knight hits you but does no damage.
Your ogre closely misses the warg.
The orc wizard completely misses you. You furiously retaliate!
You headbutt the orc wizard.
You kill the orc wizard!
Trog accepts your kill.
Trog appreciates your killing of a magic user.
The orc warrior hits you from afar with a +0 halberd.
The orc warrior hits you with a +0 glaive.
You hit the orc knight but do no damage.
The orc knight is lightly wounded.
The warg barely misses you.
Your ogre hits the warg with a +0 giant club!!
The warg dies!
Trog accepts your kill. The orc hits you but does no damage.
The orc knight hits you but does no damage.
The orc warrior barely misses you. The orc closely misses you.
Okay, then.
You're still recovering from your berserk rage.
Your ogre hits the cyclops with a +0 giant club!!
The orc knight hits you but does no damage.
The orc warrior hits you but does no damage.
The orc warrior closely misses you. You furiously retaliate!
You headbutt the orc warrior!
Your ogre completely misses the cyclops.
The orc hits you but does no damage.
The orc knight hits you with a +0 long sword!
* * * LOW HITPOINT WARNING * * *
The orc warrior closely misses you. The orc warrior closely misses you.
The orc closely misses you.
The orc knight hits you but does no damage.
The orc warrior hits you from afar with a +0 halberd!
* * * LOW HITPOINT WARNING * * *
Your ogre barely misses the cyclops.
The orc warrior hits you with a +0 glaive!
* * * LOW HITPOINT WARNING * * *
You feel better.
Your ogre barely misses the cyclops.
The orc knight hits you with a +0 long sword!
You die...

.................
.................
.................
#.............#..
.#.............#.
........Oo.......
#....$..oC.......
#.....<@.o......
#.......o........
##...........#...
##.......#### .
#.........
##.....#..#
#.....#...
#.....##.##


You could see an orc knight, a cyclops (ally target), 2 orc warriors, an orc
(strong) and a friendly ogre (summoned, berserk).

Vanquished Creatures
  Pikel (D:7)
  A moth of wrath (D:7)
  A shadow (D:6)
  3 wargs (D:9)
  A water moccasin (D:8)
  3 ice beasts
  3 orc warriors
  A wolf (D:9)
  2 necrophages (D:6)
  2 black bears (D:7)
  2 ogres
  4 centaurs
  5 kobold brigands
  Blork the orc (D:4)
  3 bullfrogs
  A scorpion (D:6)
  A gnoll sergeant (D:9)
  A water moccasin zombie (D:5)
  3 killer bees (D:7)
  9 wights
  2 howler monkeys (D:9)
  A jelly (D:6)
  A bullfrog zombie (D:7)
  11 orc priests
  A hound (D:4)
  Crazy Yiuf (D:3)
  7 iguanas
  Natasha (thrice) (D:4)
  11 orc wizards
  A hound skeleton (D:5)
  8 gnolls
  7 adders
  A white imp (D:7)
  2 ufetubi (D:6)
  2 worms
  42 orcs
  6 bats
  11 endoplasms
  3 giant cockroaches
  2 goblins (D:1)
  5 hobgoblins
  3 jackals (D:4)
  3 quokkas
  8 ball pythons
  3 frilled lizards
  34 kobolds
  3 rats
  A spectral orc (D:6)
231 creatures vanquished.

Vanquished Creatures (collateral kills)
  The ghost of Esekla the Covert, a novice OpDe of Gozag (D:7)
  A warg (Orc:1)
  An orc warrior (D:9)
  2 gnolls (D:9)
  3 orcs (D:9)
8 creatures vanquished.

Vanquished Creatures (others)
  2 fungi (D:1)
  5 plants
7 creatures vanquished.

Grand Total: 246 creatures vanquished

Notes
Turn   | Place    | Note
-------+----------+-------------------------------------------
     0 | D:1      | cbfl8 the Minotaur Berserker began the quest for the Orb.
     0 | D:1      | Reached XP level 1. HP: 19/19 MP: 0/0
   709 | D:1      | Reached XP level 2. HP: 26/27 MP: 1/1
   959 | D:1      | Found a faded altar of an unknown god.
  1638 | D:2      | Reached XP level 3. HP: 30/33 MP: 2/2
  1818 | D:2      | Reached ** piety under Trog
  2431 | D:3      | Reached XP level 4. HP: 38/41 MP: 3/3
  2493 | D:3      | Reached skill level 5 in Axes
  2660 | D:3      | Reached XP level 5. HP: 47/47 MP: 4/4
  2684 | D:3      | Found a blossoming altar of Fedhas.
  2757 | D:3      | Found a runed translucent door.
  2758 | D:3      | Noticed Crazy Yiuf
  3341 | D:3      | Killed Crazy Yiuf
  3479 | D:4      | Noticed Blork the orc
  3486 | D:4      | Killed Blork the orc
  3487 | D:4      | Reached skill level 5 in Fighting
  3579 | D:4      | Noticed an ogre
  3584 | D:4      | Killed an ogre
  3585 | D:4      | Reached XP level 6. HP: 37/56 MP: 5/5
  3911 | D:4      | Noticed Natasha
  3920 | D:4      | Killed Natasha
  3921 | D:4      | Reached skill level 1 in Staves
  3956 | D:4      | Found a staircase to the Ecumenical Temple.
  3966 | D:4      | Got the Collected Works on the Feathery Escort
  3969 | D:4      | Reached *** piety under Trog
  3978 | D:4      | Reached XP level 7. HP: 58/61 MP: 6/6
  4074 | Temple   | Entered the Ecumenical Temple
  4669 | D:4      | Noticed Natasha
  4676 | D:4      | Killed Natasha
  4687 | D:4      | Reached skill level 2 in Staves
  4875 | D:4      | Noticed Natasha
  4881 | D:4      | Killed Natasha
  4882 | D:4      | Reached skill level 1 in Stealth
  4977 | D:5      | Entered Level 5 of the Dungeon
  5024 | D:5      | Reached skill level 3 in Staves
  5042 | D:5      | Reached skill level 5 in Armour
  5330 | D:5      | Found a sacrificial altar of Ru.
  5434 | D:5      | Found a shimmering blue altar of Sif Muna.
  5631 | D:5      | Reached skill level 4 in Staves
  5704 | D:5      | Reached XP level 8. HP: 41/70 MP: 7/7
  6030 | D:6      | Reached skill level 5 in Staves
  6162 | D:6      | Reached skill level 6 in Staves
  6279 | D:6      | Reached skill level 7 in Staves
  6687 | D:6      | Found a basalt altar of Yredelemnul.
  6837 | D:7      | Reached **** piety under Trog
  6843 | D:7      | Reached skill level 8 in Staves
  6843 | D:7      | Reached XP level 9. HP: 34/78 MP: 8/8
  7572 | D:7      | Noticed Pikel
  7580 | D:7      | Killed Pikel
  7581 | D:7      | Reached skill level 9 in Staves
  7600 | D:7      | Noticed a moth of wrath
  7627 | D:7      | Noticed Esekla's ghost (novice OpDe)
  7634 | D:7      | Found a transporter.
  7653 | D:7      | Found a transporter.
  7985 | D:7      | Found a white marble altar of Elyvilon.
  8207 | D:7      | Killed a moth of wrath
  8210 | D:7      | Reached skill level 5 in Dodging
  8213 | D:7      | Killed Esekla's ghost
  8214 | D:7      | Reached skill level 10 in Staves
  8217 | D:7      | Reached XP level 10. HP: 65/88 MP: 9/9
  8233 | D:7      | Identified the +1 pair of gloves of Orthodoxy {rElec rC+}
  9181 | D:8      | Found a bloodstained altar of Trog.
  9450 | D:9      | Reached skill level 10 in Armour
  9714 | D:9      | Found an opulent altar of Gozag.
  9714 | D:9      | Found a glowing silver altar of Zin.
  9893 | D:9      | Found a broken altar of Ashenzari.
 10157 | D:9      | Reached skill level 11 in Staves
 10594 | D:9      | Found a staircase to the Lair.
 10618 | D:9      | Found a staircase to the Orcish Mines.
 10649 | D:9      | HP: 2/90 [orc priest (3)]
 11031 | D:9      | Found a radiant altar of Vehumet.
 11099 | Orc:1    | Entered Level 1 of the Orcish Mines
 11103 | Orc:1    | Noticed an orc knight
 11117 | Orc:1    | Noticed a cyclops
 11124 | Orc:1    | Slain by an orc knight

Illustrated notes

Levels and vault maps discovered:
D:1:      psy_arrival_fountain, layout_basic, serial_forest,
          infiniplex_forest_zigzag_1, infiniplex_forest_clump_curved,
          infiniplex_forest_zigzag_2, infiniplex_forest_lined_room_2,
          infiniplex_forest_straight_4, infiniplex_forest_end_3,
          dreamdust_ecumenical_altar_grove, minmay_tetromino_l4
D:2:      layout_basic
D:3:      layout_basic, fedhas_altar_1, uniq_crazy_yiuf_cottage
D:4:      cheibrodos_quashed, layout_cave_pods,
          minmay_temple_entry_proselytizer, uniq_natasha, uniq_blork_the_orc
D:5:      layout_cave_pools, kennysheep_orc_sif_temple, kennysheep_mini_moat,
          st_stairs_13
D:6:      cheibrodos_iron_armory, layout_rooms,
          yredelemnul_forgotten_temple_becter, kennysheep_generic_room_10
D:7:      layout_basic, mainiacjoe_overflow_paths,
          gammafunk_ghost_berserking_beasts, minmay_statues_item, uniq_pikel
D:8:      layout_basic, kennysheep_little_box, corexii_corridor_pit,
          kennysheep_nondescript
D:9:      layout_long_grid, grunt_temple_overflow_gold_and_silver,
          evilmike_ruin_ashenzari, kennysheep_mini, erik_lair_orcish_takeover,
          minmay_orc_entry_temple_small
Temple:   eino_temple_lava
Orc:1:    giant_chief_lemuel, layout_caves

Skill      XL: |  1  2  3  4  5  6  7  8  9 10 |
---------------+-------------------------------+-----
Axes           | 4 5 6 |  6.5
Fighting       | 4 5 6 7 8 |  8.6
Dodging        | 3 4 5 |  5.3
Armour         | 3 4 5 7 9 10 | 10.8
Staves         | 1 4 8 10 11 | 11.4
Stealth        | 1 |  1.8

Action                   |  1- 3 |  4- 6 |  7- 9 | 10-12 || total
-------------------------+-------+-------+-------+-------++-------
Melee: Hand axe          |    78 |    59 |       |       ||   137
       Punch             |     2 |     1 |       |       ||     3
       Headbutt          |     8 |    18 |    38 |    15 ||    79
       Quarterstaff      |       |    30 |   194 |   136 ||   360
Invok: Berserk           |     1 |     3 |     4 |     4 ||    12
       Trog's Hand       |       |     2 |     2 |     1 ||     5
       Brothers in Arms  |       |       |     1 |     2 ||     3
  Use: Scroll            |       |       |    18 |     2 ||    20
       Potion            |       |       |     1 |     6 ||     7
 Stab: Paralysed         |       |       |     1 |       ||     1
Armor: Animal skin       |     6 |       |       |       ||     6
       Leather armour    |    16 |    12 |       |       ||    28
       Chain mail        |       |    36 |   161 |   120 ||   317
Dodge: Dodged            |    73 |    55 |   131 |   129 ||   388
